 Dungeon Crawl Stone Soup version 0.17-a0-1651-gae1a69f (webtiles) character file.

222 PhoenixCNY the Cudgeler (level 5, -11/45 HPs)
             Began as a Minotaur Berserker on Aug 14, 2015.
             Was a Priest of Trog.
             Mangled by an ogre
             ... wielding a cursed +0 giant spiked club
              (23 damage)
             ... on level 4 of the Dungeon.
             The game lasted 00:10:48 (2377 turns).

PhoenixCNY the Cudgeler (Minotaur Berserker)        Turns: 2377, Time: 00:10:48

Health: -11/45     AC:  9    Str: 21    XL:     5   Next: 66%
Magic:  4/4        EV:  8    Int:  4    God:    Trog [***...]
Gold:   176        SH:  0    Dex: 11    Spells: 0 memorised, 4 levels left

rFire  . . .     SeeInvis .     a - +0 mace
rCold  . . .     Clarity  .     u - +0 chain mail
rNeg   . . .     SustAt   .     (no shield)
rPois  .         Gourm    .     (helmet restricted)
rElec  .         Spirit   .     g - +0 cloak
rCorr  .         Warding  .     (no gloves)
rMut   .         Stasis   .     (no boots)
MR     .....                    (no amulet)
Stlth  ..........               (no ring)
                                (no ring)

@: not resistant to hostile enchantments, extremely unstealthy
A: retaliatory headbutt, horns 2
a: Burn Spellbooks, Berserk, Trog's Hand, Renounce Religion


You were on level 4 of the Dungeon.
You worshipped Trog.
Trog was most pleased with you.
You were not hungry.

You visited 1 branch of the dungeon, and saw 4 of its levels.

You collected 176 gold pieces.

Inventory:

Hand weapons
 a - a +0 mace (weapon)
 o - a +0 spear
 x - a +0 mace
 z - a +0 hand axe
 C - a +0 hand axe
Missiles
 n - 19 arrows
Armour
 g - a +0 cloak (worn)
 h - a +0 chain mail
 l - a +0 leather armour
 u - a +0 chain mail (worn)
 y - a +0 chain mail
 G - a +0 chain mail
Jewellery
 m - an uncursed ring of stealth
 w - an uncursed ring of magical power
Scrolls
 b - 3 scrolls of teleportation
 d - 2 scrolls of remove curse
 p - 4 scrolls of identify
Potions
 f - 4 potions of curing {unknown}
 q - 2 potions of lignification {unknown}
 s - 4 potions of degeneration {unknown}
 t - a potion of haste {unknown}
 A - a potion of ambrosia {unknown}
 B - a potion of agility {unknown}
 F - a potion of cancellation {unknown}
Comestibles
 c - 2 bread rations
 i - 2 meat rations
 r - a royal jelly
 E - a beef jerky


   Skills:
 - Level 3.6 Fighting
 + Level 7.8 Maces & Flails
 - Level 2.4 Armour
 - Level 2.1 Dodging


You had 4 spell levels left.
You didn't know any spells.

Dungeon Overview and Level Annotations

Branches:
Dungeon (4/15)
 Temple: D:4-7

Altars:
Kikubaaqudgha


Innate Abilities, Weirdness & Mutations

You reflexively headbutt those who attack you in melee.
You have a pair of horns on your head.


Message History

No target in view!
b - 3 scrolls of teleportation (gained 1)
Things that are here:
a dagger; a scale mail; an orc corpse
Things that are here:
a dagger; a robe; an orc corpse
Found a stone staircase leading up.
Things that are here:
a dagger; a robe; an orc corpse
f - 4 emerald potions (gained 1)
An ogre comes into view. It is wielding a giant spiked club.
The ogre shouts!
You see here a twisted ivory wand.
The ogre hits you with a giant spiked club!
* * * LOW HITPOINT WARNING * * *
You hit the ogre but do no damage.
You headbutt the ogre, but do no damage.
The ogre hits you with a giant spiked club!!
Ouch! That really hurt!
You die...

. .. ..## ..# ....#
##..# ...## ##?..#
#...###....##
#.O.##..[..## ##
#@........# ##)
##.........######).
#.../........##..)#
#...............###
#......##.......##
#.......###......##
#...##...#
##......# ....#
#.... ##......###
#...
#....##..........


You could see an ogre.

Vanquished Creatures
  An orc wizard (D:4)
  Jessica (D:3)
  10 adders
  An ooze (D:2)
  A worm (D:4)
  3 orcs (D:4)
  4 ball pythons
  5 giant cockroaches
  7 goblins
  10 hobgoblins
  9 kobolds
  3 bats
  2 giant geckos
  3 giant newts
  3 jackals (D:1)
  A jackal skeleton (D:4)
  9 rats
  A plant (D:2)
74 creatures vanquished.

Notes
Turn   | Place    | Note
--------------------------------------------------------------
     0 | D:1      | PhoenixCNY the Minotaur Berserker began the quest for the Orb.
     0 | D:1      | Reached XP level 1. HP: 19/19 MP: 0/0
    88 | D:1      | Reached skill level 4 in Maces & Flails
   159 | D:1      | Reached XP level 2. HP: 26/26 MP: 1/1
   744 | D:1      | Acquired Trog's second power
   758 | D:1      | Reached skill level 5 in Maces & Flails
   904 | D:2      | Reached XP level 3. HP: 27/31 MP: 2/2
  1120 | D:2      | Reached XP level 4. HP: 27/39 MP: 3/3
  1123 | D:2      | Reached skill level 6 in Maces & Flails
  1711 | D:3      | Reached skill level 7 in Maces & Flails
  1711 | D:3      | Reached XP level 5. HP: 35/45 MP: 4/4
  1909 | D:3      | Found an ancient bone altar of Kikubaaqudgha.
  1984 | D:3      | Noticed Jessica
  1992 | D:3      | Killed Jessica
  2373 | D:4      | Noticed an ogre
  2377 | D:4      | Mangled by an ogre

Vault maps used:
D:1:      dpeg_arrival_ternary, st_stairs_5
D:2:      serial_bayou_lake_a
D:3:      kiku_gazebo_garden_becter, first_bread, uniq_jessica
D:4:      lemuel_round_altar

Action                   |  1- 3 |  4- 6 || total
-------------------------+-------+-------++-------
Melee: Mace              |   100 |   163 ||   263
  Use: Scroll            |       |     9 ||     9
  Eat: Meat ration       |       |     1 ||     1
